[Event "Titled Tuesday Blitz March 22 Late 2022"]
[White "Papp, Petra"]
[Black "Cavanah, Troy"]
[WhiteFideId "739049"]
[BlackFideId "30949670"]
[WhiteElo "2259"]
[BlackElo "1878"]
[Result "1-0"]
[Round "07"]
[TimeControl "180+1"]
[Date "2022.03.22"]
[WhiteClock "0:00:12"]
[BlackClock "0:00:10"]

1. d4 Nf6 2. c4 e6 3. g3 d5 4. Nf3 Bb4+ 5. Nbd2 dxc4 6. Bg2 O-O 7. O-O b5 8. Qc2 Bb7 9. Rd1 Nbd7 10. h4 Qe7 11. b3 c3 12. Nf1 Be4 13. Rd3 c5 14. Qd1 Bxd3 15. Qxd3 cxd4 16. Nxd4 Rac8 17. Qxb5 Qc5 18. Qd3 Ne5 19. Qe3 Nfg4 20. Qf4 c2 21. Nxc2 Qxc2 22. Qxb4 Qxe2 23. Qd4 Rfd8 24. Qxa7 Rc2 25. Be3 Nxf2 26. Bxf2 Ng4 27. Qb6 Rdc8 28. a4 Nxf2 29. Qe3 Qxe3 30. Nxe3 Rb2 31. a5 Nd3 32. a6 1-0


[Site "https://www.chess.com"]

[Event "Titled Tuesday Blitz March 22 Late 2022"]
[White "Pesotskiy, Mikhail"]
[Black "Fajdetic, Hrvoje"]
[WhiteFideId "34164453"]
[BlackFideId "14501945"]
[WhiteElo "2010"]
[BlackElo "2172"]
[Result "1-0"]
[Round "07"]
[TimeControl "180+1"]
[Date "2022.03.22"]
[WhiteClock "0:00:31"]
[BlackClock "0:00:04"]

1. c4 f5 2. d4 Nf6 3. Nc3 e6 4. g3 Bb4 5. Bg2 O-O 6. Nf3 d6 7. O-O Bxc3 8. bxc3 Nc6 9. Ba3 Na5 10. c5 Nc4 11. Qb3 Nxa3 12. Qxa3 d5 13. c6 b6 14. Ne5 a5 15. c4 Ba6 16. Rac1 dxc4 17. Nxc4 Qxd4 18. Rfd1 Qc5 19. Qxc5 bxc5 20. e3 Rfd8 21. Nxa5 Rxd1+ 22. Rxd1 Be2 23. Rd2 Rxa5 24. Rxe2 Nd5 25. Rb2 Nb4 26. Bf1 Rxa2 27. Rxa2 Nxa2 28. Bc4 Nb4 29. Bxe6+ Kf8 30. Bxf5 Nxc6 31. Bxh7 Ke7 32. Kf1 Kd6 33. Ke2 Kd5 34. Bg8+ Ke5 35. f4+ Kd6 36. h4 Ne7 37. Bc4 Nf5 38. Kf3 Kc6 39. h5 Nd6 40. Be6 c4 41. g4 c3 42. Ke2 Kc5 43. g5 Ne8 44. h6 gxh6 45. gxh6 Nf6 46. Bf5 Kb4 47. h7 Nxh7 48. Bxh7 Kb3 49. Kd1 Kb2 50. Bc2 1-0


[Site "https://www.chess.com"]

[Event "Titled Tuesday Blitz March 22 Late 2022"]
[White "Petesch, Gabriel"]
[Black "Zherebtsova, Alexandra"]
[WhiteFideId "2032465"]
[BlackFideId "24129518"]
[WhiteElo "2374"]
[BlackElo "2025"]
[Result "0-1"]
[Round "07"]
[TimeControl "180+1"]
[Date "2022.03.22"]
[WhiteClock "0:00:03"]
[BlackClock "0:00:13"]

1. d4 d5 2. Nf3 Nf6 3. Bf4 c5 4. e3 Nc6 5. Nbd2 Qb6 6. Rb1 cxd4 7. exd4 Nxd4 8. Nxd4 Qxd4 9. Bb5+ Bd7 10. Bxd7+ Nxd7 11. Be3 Qa4 12. O-O e6 13. b3 Qa6 14. c4 dxc4 15. Nxc4 Be7 16. Bd4 Nf6 17. Bxf6 Bxf6 18. Nd6+ Ke7 19. Ne4 Rhd8 20. Qh5 h6 21. Qc5+ Ke8 22. Rbd1 Be7 23. Qc2 Kf8 24. Qc7 Rac8 25. Rxd8+ Rxd8 26. g3 Qd3 27. Nc3 Qd7 28. Qa5 Rc8 29. Ne2 b6 30. Qa6 Rd8 31. Nf4 Bf6 32. Nh5 Be5 33. Qe2 Bb8 34. Qb2 f6 35. Qc1 e5 36. h4 Kg8 37. Qc4+ Qf7 38. Qxf7+ Kxf7 39. g4 g6 40. Ng3 Ke6 41. Ne4 f5 42. gxf5+ gxf5 43. Ng3 e4 44. Kg2 Bf4 45. a4 Rd2 46. Nh5 Be5 47. Rb1 Rd3 48. Kf1 f4 49. Ke2 Kf5 50. b4 Kg4 51. a5 Kxh5 52. axb6 axb6 53. b5 Bd4 54. Rb4 f3+ 55. Ke1 Kxh4 56. Rxd4 Rxd4 0-1


[Site "https://www.chess.com"]

[Event "Titled Tuesday Blitz March 22 Late 2022"]
[White "Pichot, Alan"]
[Black "Saveliev, Alexei"]
[WhiteFideId "110973"]
[BlackFideId "24128546"]
[WhiteElo "2579"]
[BlackElo "2281"]
[Result "1-0"]
[Round "07"]
[TimeControl "180+1"]
[Date "2022.03.22"]
[WhiteClock "0:00:06"]
[BlackClock "0:00:07"]

1. e4 g6 2. d4 Bg7 3. Nc3 d6 4. Be3 Nc6 5. d5 Ne5 6. Be2 Nf6 7. h3 O-O 8. f4 Ned7 9. Nf3 e6 10. dxe6 fxe6 11. O-O Kh8 12. Qd2 Qe7 13. Rae1 a6 14. g4 b5 15. a3 Bb7 16. Bd3 Rae8 17. Qf2 c5 18. b3 b4 19. axb4 cxb4 20. Ne2 Nxe4 21. Bxe4 Bxe4 22. Ng3 Bb7 23. Qd2 Bxf3 24. Rxf3 a5 25. Bd4 e5 26. Bb2 Nc5 27. f5 Qh4 28. Qxd6 e4 29. f6 Rxf6 30. Rxf6 Nd7 31. Rf3 Bxb2 32. Qxd7 Rd8 33. Qxd8+ Qxd8 34. Nxe4 Be5 35. Kg2 Qd5 36. Re2 Qc6 37. Nf2 Bg7 38. Nd3 h5 39. gxh5 gxh5 40. Nf4 h4 41. Nd3 Kh7 42. Nf2 a4 43. bxa4 Qxa4 44. Rf4 Qc6+ 45. Kg1 Bf6 46. Rxb4 Bd8 47. Rf4 Qa6 48. Nd3 Qg6+ 49. Rg2 Qb6+ 50. Kf1 Qe6 51. Rfg4 Bf6 52. Re2 Qf5+ 53. Kg2 Qd5+ 54. Kg1 Qd6 55. Rge4 Qb6+ 56. Kf1 Qc7 57. Re6 Bg7 58. R2e4 Qg3 59. Re3 Qh2 60. R6e4 Qh1+ 61. Ke2 Qg2+ 62. Nf2 Bh6 63. Rxh4 Qc6 64. Ng4 Qxc2+ 65. Kf3 Qd1+ 66. Kf2 Qd2+ 67. Re2 Qf4+ 68. Kg2 Qc4 69. Rxh6+ Kg7 70. Rhe6 Qc6+ 71. Rxc6 Kf7 72. Ree6 Kf8 73. Red6 Kf7 74. Rd7+ Ke8 75. Rb7 Kf8 76. Ra6 1-0


[Site "https://www.chess.com"]

[Event "Titled Tuesday Blitz March 22 Late 2022"]
[White "Piliczewski, Bogusz"]
[Black "Piesik, Piotr"]
[WhiteFideId "1104144"]
[BlackFideId "1136194"]
[WhiteElo "1896"]
[BlackElo "2190"]
[Result "0-1"]
[Round "07"]
[TimeControl "180+1"]
[Date "2022.03.22"]
[WhiteClock "0:00:06"]
[BlackClock "0:01:53"]

1. d4 c5 2. c3 Nf6 3. Nf3 d5 4. Bf4 Bf5 5. e3 Nbd7 6. Nbd2 e6 7. Be2 Qb6 8. Qb3 c4 9. Qxb6 Nxb6 10. h3 Be7 11. O-O h6 12. g4 Bh7 13. Ne5 Nfd7 14. Nxd7 Kxd7 15. b3 Ba3 16. bxc4 Bb2 17. cxd5 Nxd5 18. Rae1 Bxc3 19. Rd1 Rhc8 20. Be5 Bc2 21. Bxg7 Bxd2 22. Rxd2 a6 23. Bxh6 b5 24. Bg7 Nb4 25. a3 Nd5 26. Bf3 Bb3 27. Be5 Rc3 28. h4 Rg8 29. h5 f6 30. Bg3 Bc4 31. Kg2 Bxf1+ 32. Kxf1 Rxa3 33. Kg2 b4 34. Rb2 b3 35. Bxd5 exd5 36. f3 Ra2 37. Rxa2 bxa2 38. h6 a1=Q 39. f4 Qb2+ 40. Kf3 Rc8 41. g5 f5 42. g6 Rc1 43. Bf2 Rf1 44. Kg3 Qxf2+ 45. Kh3 Rh1# 0-1


[Site "https://www.chess.com"]

[Event "Titled Tuesday Blitz March 22 Late 2022"]
[White "Prohorov, Olexandr"]
[Black "Altman, Joshua"]
[WhiteFideId "14105578"]
[BlackFideId "426210"]
[WhiteElo "1993"]
[BlackElo "1945"]
[Result "0-1"]
[Round "07"]
[TimeControl "180+1"]
[Date "2022.03.22"]
[WhiteClock "0:00:01"]
[BlackClock "0:00:18"]

1. Nf3 Nf6 2. c4 e6 3. Nc3 Bb4 4. g4 h6 5. Rg1 b6 6. h4 Bb7 7. a3 Bxc3 8. dxc3 d6 9. g5 hxg5 10. hxg5 Nfd7 11. g6 f6 12. Nd4 Qe7 13. Qc2 c5 14. Nb5 Ne5 15. f4 Nec6 16. Qd2 Kd7 17. f5 a6 18. fxe6+ Qxe6 19. Nxd6 Qxd6 20. Qxd6+ Kxd6 21. Bf4+ Ne5 22. O-O-O+ Ke7 23. Bxe5 fxe5 24. Rg5 Nc6 25. Bg2 Rad8 26. Bd5 Rd6 27. Rf1 Rf6 28. Rgf5 Rhf8 29. e4 Rxf5 30. exf5 Na5 31. b4 Bxd5 32. cxd5 Nc4 33. bxc5 bxc5 34. Rf2 Ne3 35. d6+ Kxd6 36. f6 gxf6 37. g7 Rg8 38. Rxf6+ Kd5 39. Rg6 Nf5 40. Rxa6 Rxg7 41. Kc2 e4 0-1


[Site "https://www.chess.com"]

[Event "Titled Tuesday Blitz March 22 Late 2022"]
[White "Przybylski, Wojciech"]
[Black "Bachmann, Axel"]
[WhiteFideId "1117599"]
[BlackFideId "3700488"]
[WhiteElo "2133"]
[BlackElo "2587"]
[Result "1-0"]
[Round "07"]
[TimeControl "180+1"]
[Date "2022.03.22"]
[WhiteClock "0:00:08"]
[BlackClock "0:00:08"]

1. e4 c5 2. Nf3 d6 3. Bb5+ Nd7 4. O-O a6 5. Bd3 Ngf6 6. Re1 e6 7. c3 b5 8. a4 Bb7 9. Bc2 c4 10. h3 Be7 11. d4 cxd3 12. Bxd3 O-O 13. Nbd2 Nc5 14. Bc2 bxa4 15. Nd4 Qc7 16. Qe2 Rfd8 17. f3 Rac8 18. Bxa4 Nxa4 19. Rxa4 Nd7 20. Nf1 Nc5 21. Ra1 d5 22. e5 a5 23. f4 Ba6 24. Qg4 Nd3 25. Rd1 Bc5 26. Ng3 Qb6 27. f5 Nxe5 28. Qg5 Nd3 29. Nh5 Bxd4+ 30. cxd4 Qxd4+ 31. Be3 h6 32. Qxd8+ Rxd8 33. Bxd4 e5 34. Bb6 Rd6 35. Bxa5 Nxb2 36. Rdb1 Nc4 37. Rb8+ Kh7 38. Bb4 Rc6 39. Bf8 d4 40. Bxg7 Bc8 41. Raa8 Bxf5 42. Rh8+ Kg6 43. Rxh6+ Kg5 44. Rxc6 Ne3 45. Bxe5 Kxh5 46. Bxd4 Nd5 47. Rc5 Be6 48. Raa5 Kh4 49. Rxd5 Bxd5 50. Rxd5 f5 51. Bf2+ Kg5 52. g4 Kf4 53. Rxf5+ Ke4 54. Kg2 Kd3 55. Kf3 Kc4 56. Re5 Kd3 57. Rd5+ Kc4 58. Rd4+ Kc3 59. Ke4 Kc2 60. Rd3 Kb2 61. Kd4 Kc2 62. Kc4 Kc1 63. Kb3 1-0


[Site "https://www.chess.com"]

[Event "Titled Tuesday Blitz March 22 Late 2022"]
[White "Rabineau, Clement"]
[Black "Swicarz, Maciej"]
[WhiteFideId "628891"]
[BlackFideId "1113585"]
[WhiteElo "2237"]
[BlackElo "2057"]
[Result "0-1"]
[Round "07"]
[TimeControl "180+1"]
[Date "2022.03.22"]
[WhiteClock "0:00:07"]
[BlackClock "0:00:08"]

1. e4 c5 2. c3 Nf6 3. e5 Nd5 4. Bc4 Nb6 5. Bb3 c4 6. Bc2 Nc6 7. Nf3 d6 8. exd6 Qxd6 9. O-O Bg4 10. b3 e6 11. Na3 Ne5 12. Be4 O-O-O 13. h3 Bh5 14. Qe2 Kb8 15. Bxb7 Kxb7 16. Qxe5 Bxf3 17. Qxd6 Bxd6 18. gxf3 Bxa3 19. Bxa3 Rxd2 20. Bc5 Rd3 21. Kg2 Rxc3 22. Bd4 Rd3 23. Bxb6 axb6 24. bxc4 Rc8 25. Rac1 Rd4 26. Rfd1 Rcxc4 27. Rxd4 Rxd4 28. Rc2 h5 29. Re2 h4 30. Re4 Rxe4 31. fxe4 Kc6 32. Kf3 Kd6 33. Kg4 Ke5 34. Kxh4 Kxe4 35. Kg3 e5 36. Kg4 Kd5 37. Kf5 Kd6 38. h4 Kd5 39. h5 Kd6 40. f3 Kd5 41. a4 Kd6 42. Ke4 Ke6 43. Kd3 Kd5 44. Kc3 f5 45. Kb4 e4 46. fxe4+ fxe4 47. Kc3 Ke5 48. Kc4 Kf4 49. Kb5 e3 50. Kxb6 e2 51. a5 e1=Q 52. a6 Qb4+ 53. Ka7 Qb5 0-1


[Site "https://www.chess.com"]

[Event "Titled Tuesday Blitz March 22 Late 2022"]
[White "Romero Ruscalleda, Josep"]
[Black "Mangialardo, Tiago Carvalho"]
[WhiteFideId "2231859"]
[BlackFideId "2130718"]
[WhiteElo "2268"]
[BlackElo "2091"]
[Result "1-0"]
[Round "07"]
[TimeControl "180+1"]
[Date "2022.03.22"]
[WhiteClock "0:00:55"]
[BlackClock "0:00:05"]

1. e4 e5 2. Nf3 Nc6 3. Bc4 Bc5 4. c3 Nf6 5. b4 Bb6 6. d3 d6 7. a4 a6 8. Qb3 Qe7 9. O-O Be6 10. Nbd2 O-O 11. Ng5 Nd8 12. Nxe6 Nxe6 13. Nf3 c6 14. Qc2 Rfe8 15. Bb2 Rab8 16. g3 Ng4 17. d4 Qf6 18. Kg2 Ng5 19. Nxg5 Qxg5 20. h3 Nf6 21. Bc1 Qg6 22. dxe5 Nxe4 23. Bd3 d5 24. Bf4 h5 25. f3 1-0


[Site "https://www.chess.com"]

[Event "Titled Tuesday Blitz March 22 Late 2022"]
[White "Rosen, Eric"]
[Black "Perez Torres, Nabi Isaias"]
[WhiteFideId "2032562"]
[BlackFideId "5120373"]
[WhiteElo "2362"]
[BlackElo "1755"]
[Result "1-0"]
[Round "07"]
[TimeControl "180+1"]
[Date "2022.03.22"]
[WhiteClock "0:00:06"]
[BlackClock "0:00:11"]

1. d4 Nf6 2. Bf4 g6 3. Nc3 d5 4. e3 Bg7 5. h4 h5 6. Nf3 O-O 7. Ne5 c5 8. dxc5 Qa5 9. Qd2 Nc6 10. Nxc6 bxc6 11. Be5 Nd7 12. Bxg7 Kxg7 13. a3 Qxc5 14. Qd4+ e5 15. Qxc5 Nxc5 16. O-O-O a5 17. Be2 Be6 18. f4 a4 19. fxe5 Bf5 20. Rd4 Rfe8 21. Bf3 Rxe5 22. Re1 Be6 23. g3 Rf5 24. Rf4 Rxf4 25. exf4 Bf5 26. Re7 Ne6 27. Ne2 Kf6 28. Rb7 Re8 29. Rb6 Rc8 30. Ra6 Nc5 31. Ra5 Be4 32. Rxc5 Bxf3 33. Nd4 Be4 34. b3 axb3 35. cxb3 Ke7 36. Rxc6 Ra8 37. a4 Rb8 38. Kb2 f6 39. Kc3 Rg8 40. a5 g5 41. fxg5 fxg5 42. a6 Kd7 43. Rb6 gxh4 44. gxh4 Kc7 45. Rb7+ Kd6 46. a7 Ra8 47. Rb8 Rxa7 48. Nb5+ Ke5 49. Nxa7 d4+ 50. Kd2 1-0


[Site "https://www.chess.com"]

[Event "Titled Tuesday Blitz March 22 Late 2022"]
[White "Rosenberg, Evan S"]
[Black "Dilanyan, Grigor"]
[WhiteFideId "2019299"]
[BlackFideId "13303570"]
[WhiteElo "2351"]
[BlackElo "2279"]
[Result "0-1"]
[Round "07"]
[TimeControl "180+1"]
[Date "2022.03.22"]
[WhiteClock "0:00:03"]
[BlackClock "0:01:35"]

1. d4 Nf6 2. c4 g6 3. Nc3 Bg7 4. e4 d6 5. Nf3 O-O 6. h3 e5 7. dxe5 dxe5 8. Qxd8 Rxd8 9. Bg5 Na6 10. Nd5 Nxd5 11. Bxd8 Nf4 12. O-O-O Ne6 13. Be7 h6 14. g3 b6 15. b4 Bb7 16. Bd3 Re8 17. b5 Rxe7 18. bxa6 Bxa6 19. Kc2 Nc5 20. Kc3 Bb7 21. Nd2 Rd7 22. Nb3 Rxd3+ 23. Rxd3 Nxe4+ 24. Kc2 Nxf2 25. Rd8+ Kh7 26. Rf1 Nxh3 27. Rxf7 Ng5 28. Rxc7 Be4+ 29. Kc1 Ne6 30. Rdd7 Nxc7 31. Rxc7 a5 32. Nd2 Bg2 33. c5 bxc5 34. Rxc5 e4 35. Rxa5 e3 36. Nb3 e2 37. Kd2 Bf3 0-1


[Site "https://www.chess.com"]

[Event "Titled Tuesday Blitz March 22 Late 2022"]
[White "Rozman, Levy"]
[Black "Svane, Rasmus"]
[WhiteFideId "2039877"]
[BlackFideId "4657101"]
[WhiteElo "2376"]
[BlackElo "2645"]
[Result "0-1"]
[Round "07"]
[TimeControl "180+1"]
[Date "2022.03.22"]
[WhiteClock "0:00:02"]
[BlackClock "0:00:19"]

1. d4 Nf6 2. Bg5 d5 3. e3 c5 4. c3 Nc6 5. Nd2 e5 6. dxe5 Nxe5 7. Ngf3 Nc6 8. Bd3 Be7 9. Qe2 O-O 10. h3 h6 11. Bf4 Re8 12. O-O-O Qa5 13. Kb1 c4 14. Bc2 b5 15. e4 Be6 16. exd5 Bxd5 17. Ne4 b4 18. Nd4 b3 19. axb3 Nxd4 20. Rxd4 cxb3 21. Bd3 Nxe4 22. Rxe4 Bxe4 23. Qxe4 g6 24. Bc4 Qa2+ 25. Kc1 Qa1+ 26. Qb1 Qxb1+ 27. Kxb1 Bg5 28. Bxg5 hxg5 29. Rd1 Rad8 30. Kc1 Rxd1+ 31. Kxd1 Rb8 32. Kd2 a5 33. Kc1 Kf8 34. Bd5 Ke7 35. Bc4 f6 36. Bd3 f5 37. g4 Kf6 38. Kd2 a4 39. c4 Ke5 40. Kc3 Rh8 41. Bf1 fxg4 42. hxg4 Rh2 43. Kb4 Rxf2 44. Bd3 Rxb2 45. Kxa4 Kd4 46. Ka3 Rg2 47. Bxg6 Kxc4 48. Bf7+ Kc3 49. Bxb3 Rxg4 50. Bd1 Rf4 51. Be2 g4 52. Bd1 g3 53. Bb3 g2 54. Bc2 g1=Q 55. Bb1 Qc1+ 0-1


[Site "https://www.chess.com"]

[Event "Titled Tuesday Blitz March 22 Late 2022"]
[White "Rudykh, Stepan"]
[Black "Erdogdu, Mert"]
[WhiteFideId "4180321"]
[BlackFideId "6301495"]
[WhiteElo "2152"]
[BlackElo "2485"]
[Result "0-1"]
[Round "07"]
[TimeControl "180+1"]
[Date "2022.03.22"]
[WhiteClock "0:00:47"]
[BlackClock "0:01:01"]

1. e4 c5 2. Nf3 d6 3. d4 cxd4 4. Nxd4 Nf6 5. Nc3 a6 6. Be3 e6 7. f3 b5 8. Qd2 Bb7 9. g4 Nfd7 10. g5 Nb6 11. Rg1 N8d7 12. f4 b4 13. Nd5 exd5 14. exd5 Nxd5 15. O-O-O Be7 16. Nf5 Qa5 17. Bc4 Nxe3 18. Nxd6+ Bxd6 19. Qxd6 O-O-O 20. Rd4 Qc5 21. Bxa6 Qxd6 0-1


[Site "https://www.chess.com"]

[Event "Titled Tuesday Blitz March 22 Late 2022"]
[White "Sailer, Mike"]
[Black "Ladan, Nicholas"]
[WhiteFideId "2012901"]
[BlackFideId "30918855"]
[WhiteElo "2109"]
[BlackElo "2167"]
[Result "0-1"]
[Round "07"]
[TimeControl "180+1"]
[Date "2022.03.22"]
[WhiteClock "0:01:22"]
[BlackClock "0:01:32"]

1. d4 d5 2. Nf3 Nf6 3. Bf4 c5 4. e3 Nc6 5. Nc3 a6 6. Be2 Bg4 7. O-O e6 8. h3 Bh5 9. Ne5 Bxe2 10. Nxe2 Rc8 11. c3 Bd6 12. Nxc6 Rxc6 13. Bxd6 Qxd6 14. f4 Ne4 15. Nc1 c4 16. f5 Ng3 17. fxe6 Nxf1 18. exf7+ Kxf7 19. Qxf1+ Qf6 20. Qe2 Re8 21. Qh5+ Qg6 22. Qxd5+ Qe6 23. Qxe6+ Rcxe6 24. Ne2 Rxe3 25. Nf4 Re1+ 26. Rxe1 Rxe1+ 27. Kf2 Rb1 28. Nd5 Rxb2+ 29. Kf3 Rxa2 30. Ne3 b5 31. Ke4 Re2 32. Kf3 Re1 33. Kf2 Rc1 34. Nd5 Ke6 35. Nc7+ Kd6 36. Nxa6 Rxc3 0-1


[Site "https://www.chess.com"]

[Event "Titled Tuesday Blitz March 22 Late 2022"]
[White "Sanchez Alvares, Kelvin Antonio"]
[Black "Zhukov, Maksim"]
[WhiteFideId "3906680"]
[BlackFideId "34181790"]
[WhiteElo "2193"]
[BlackElo "1978"]
[Result "0-1"]
[Round "07"]
[TimeControl "180+1"]
[Date "2022.03.22"]
[WhiteClock "0:00:18"]
[BlackClock "0:01:11"]

1. e4 d5 2. exd5 Nf6 3. d4 Nxd5 4. c4 Nb6 5. Nc3 e5 6. dxe5 Qxd1+ 7. Nxd1 Nc6 8. f4 Be6 9. Ne3 O-O-O 10. Bd2 Bc5 11. O-O-O Bxe3 12. Bxe3 Rxd1+ 13. Kxd1 Rd8+ 14. Kc1 Bxc4 15. Nf3 Bxa2 16. Be2 Nd5 17. Bd2 Ndb4 18. Ng5 h6 19. Ne4 Bd5 20. Bf3 Nd3+ 21. Kc2 Ndb4+ 22. Kc1 a5 23. Rf1 Nd4 24. Bxb4 axb4 25. Nd6+ cxd6 26. Bxd5 dxe5 27. Bxf7 exf4 28. Bh5 g5 29. Re1 Nf5 30. Bg4 Rd5 31. Re6 Kc7 32. Rf6 Ne3 33. Bf3 Rd6 34. Rf7+ Rd7 35. Rxd7+ Kxd7 36. Bxb7 Kd6 37. Kd2 Kc5 38. Kd3 Nc4 39. b3 Na5 40. Bc8 Nxb3 41. Be6 Nd4 42. Bf7 g4 43. Ke4 f3 44. gxf3 gxf3 45. Ke3 Nc6 46. Bh5 Ne5 47. Kf4 f2 48. Be2 b3 0-1


[Site "https://www.chess.com"]

[Event "Titled Tuesday Blitz March 22 Late 2022"]
[White "Sanchez, Robert"]
[Black "Cramling Bellon, Anna"]
[WhiteFideId "2034360"]
[BlackFideId "32009232"]
[WhiteElo "2243"]
[BlackElo "1905"]
[Result "1-0"]
[Round "07"]
[TimeControl "180+1"]
[Date "2022.03.22"]
[WhiteClock "0:00:17"]
[BlackClock "0:00:02"]

1. e4 c5 2. Nf3 e6 3. d4 cxd4 4. c3 dxc3 5. Nxc3 Nc6 6. Bc4 a6 7. O-O Qc7 8. Qe2 Nf6 9. e5 Ng4 10. Bf4 d5 11. Bd3 Be7 12. Rac1 h5 13. h3 Nh6 14. Bh2 O-O 15. Bf4 f5 16. Bxh6 gxh6 17. Rfe1 Bd7 18. Na4 Be8 19. Nc5 Bxc5 20. Rxc5 Bg6 21. Nh4 Qg7 22. Nxg6 Qxg6 23. Rc3 Rac8 24. Qd1 Kh7 25. Be2 Rg8 26. Rg3 Qf7 27. Bxh5 Qe7 28. a3 Rxg3 29. fxg3 Rg8 30. Kh2 Qc5 31. Qd2 d4 32. b4 Qd5 33. Bf3 Qd7 34. Bxc6 bxc6 35. Qd3 Qd5 36. Rc1 Qxe5 37. Rxc6 h5 38. h4 Kh6 39. Rxa6 Rg6 40. Rc6 f4 41. Rc1 fxg3+ 42. Kg1 Qe3+ 43. Qxe3+ dxe3 44. Re1 e5 45. Rxe3 Rd6 46. Kf1 Rd1+ 47. Ke2 Rd4 48. Kf3 Rxh4 49. Kxg3 Rg4+ 50. Kf3 Rg5 51. a4 h4 52. a5 Rg3+ 53. Kf2 Rg4 54. Rb3 Rc4 55. a6 Rc2+ 56. Kf3 e4+ 57. Kxe4 Rxg2 58. a7 Ra2 59. b5 Rxa7 60. b6 Rb7 61. Kf4 Kh5 62. Rb5+ Kg6 63. Ke5 Kg5 64. Kd6+ Kg4 65. Rb4+ Kg3 66. Rb3+ Kg2 67. Rb2+ Kg3 68. Rb3+ Kg2 69. Rb1 h3 70. Kc6 Rf7 71. b7 Rxb7 72. Kxb7 1-0


[Site "https://www.chess.com"]

[Event "Titled Tuesday Blitz March 22 Late 2022"]
[White "Sapunov, Evgeny"]
[Black "Pinheiro, Iung Alicio de O."]
[WhiteFideId "4126661"]
[BlackFideId "2104350"]
[WhiteElo "2470"]
[BlackElo "2535"]
[Result "0-1"]
[Round "07"]
[TimeControl "180+1"]
[Date "2022.03.22"]
[WhiteClock "0:00:10"]
[BlackClock "0:00:25"]

1. c4 c5 2. Nf3 g6 3. d4 cxd4 4. Nxd4 Nc6 5. Nc2 Nf6 6. Nc3 Bg7 7. e4 d6 8. Be2 Nd7 9. Bd2 O-O 10. O-O Nc5 11. f3 a5 12. Kh1 f5 13. exf5 Bxf5 14. Ne3 Bd7 15. Rc1 Nd4 16. Re1 e6 17. Bf1 Qh4 18. Ng4 Bc6 19. Re3 h5 20. Be1 Qxg4 21. Bg3 Qg5 22. Qe1 Nf5 23. f4 Qf6 24. Rd1 Nxe3 25. Qxe3 Rad8 26. h3 b6 27. Be2 Qf5 28. Bh2 d5 29. Nb5 d4 30. Nxd4 Bxd4 31. Rxd4 Rxd4 32. Qxd4 Qxh3 33. Qf2 Ne4 34. Qf3 Qf5 35. Qe3 Rd8 36. Bf3 Ba8 37. b3 Nc5 38. Be2 Be4 39. Bg1 Qf6 40. Bf2 Qf5 41. Kh2 Bd3 42. Bf3 Be4 43. Be2 Nd3 44. Bh4 Qxf4+ 45. Qxf4 Nxf4 46. Bf1 Rd1 47. Kg1 Bd3 48. Kf2 Rxf1+ 49. Ke3 Ra1 50. Bg3 Rxa2 51. Bxf4 Bc2 52. g3 Bxb3 53. Kd4 Ra4 54. Ke5 Rxc4 55. Kf6 Rxf4+ 56. gxf4 h4 57. Kg5 h3 58. Kf6 h2 59. Ke7 h1=Q 60. Kf6 e5 61. Kxe5 Qd5+ 62. Kf6 Qf7+ 63. Kg5 Qf5+ 64. Kh6 Qh5# 0-1


[Site "https://www.chess.com"]

[Event "Titled Tuesday Blitz March 22 Late 2022"]
[White "Sarana, Alexey"]
[Black "Yoo, Christopher Woojin"]
[WhiteFideId "24133795"]
[BlackFideId "30909694"]
[WhiteElo "2666"]
[BlackElo "2105"]
[Result "1-0"]
[Round "07"]
[TimeControl "180+1"]
[Date "2022.03.22"]
[WhiteClock "0:00:09"]
[BlackClock "0:00:01"]

1. d4 Nf6 2. c4 e6 3. Nc3 Bb4 4. Qc2 c5 5. dxc5 O-O 6. a3 Bxc5 7. Nf3 d5 8. Bg5 Be7 9. Rd1 Nc6 10. e3 Qa5 11. Be2 dxc4 12. Bxc4 Ne5 13. Nxe5 Qxe5 14. Bf4 Qc5 15. Bd3 b6 16. O-O Bb7 17. b4 Qc6 18. e4 h6 19. Rc1 Rad8 20. Qb1 Qe8 21. Bb5 Nd7 22. Rfd1 a6 23. Ba4 b5 24. Nxb5 axb5 25. Bxb5 f5 26. Bc7 Bxe4 27. Qb3 Qg6 28. f3 Bd5 29. Rxd5 exd5 30. Qxd5+ Qf7 31. Qc6 Kh7 32. Bxd8 Rxd8 33. Qc7 Nf6 34. Re1 Rd5 35. Bc4 Qg6 36. Qxe7 Rd2 37. Bf1 Nd5 38. Qe5 Qb6+ 39. Kh1 Qg6 40. Qg3 Qf6 41. Qe5 Qg6 42. b5 h5 43. a4 h4 44. a5 h3 45. gxh3 Nf6 46. Qg3 Qh6 47. h4 Nh5 48. Qg5 1-0


[Site "https://www.chess.com"]

[Event "Titled Tuesday Blitz March 22 Late 2022"]
[White "Schuster, Karsten"]
[Black "Coelho, Ramyres Santana"]
[WhiteFideId "4611071"]
[BlackFideId "2120690"]
[WhiteElo "2367"]
[BlackElo "1888"]
[Result "1-0"]
[Round "07"]
[TimeControl "180+1"]
[Date "2022.03.22"]
[WhiteClock "0:01:28"]
[BlackClock "0:00:13"]

1. d4 c5 2. d5 d6 3. c4 Nf6 4. Nc3 g6 5. e4 Bg7 6. Be2 O-O 7. Bg5 Nbd7 8. Qd2 a6 9. a4 Rb8 10. Nf3 Qa5 11. h3 Re8 12. O-O h5 13. Rfe1 Nh7 14. Bf4 Ne5 15. Nxe5 dxe5 16. Be3 f5 17. exf5 Bxf5 18. Bd3 Rf8 19. Qc2 Qc7 20. Ne4 b6 21. Ng3 Bxd3 22. Qxd3 h4 23. Ne4 Nf6 24. Ng5 e4 25. Qc2 Qe5 26. Ne6 Rf7 27. Bf4 Qf5 28. Bxb8 Nh5 29. Nxg7 Kxg7 30. Qxe4 Qxf2+ 31. Kh1 Ng3+ 32. Bxg3 hxg3 33. Qe5+ Kh7 34. Qe2 Qd4 35. Rf1 Rg7 36. Rad1 Qh4 37. Rf3 g5 38. Qd3+ Kh6 39. Rxg3 g4 40. Kh2 gxh3 41. Rxh3 1-0


[Site "https://www.chess.com"]

[Event "Titled Tuesday Blitz March 22 Late 2022"]
[White "Sliwicki, Damian"]
[Black "Karttunen, Mika"]
[WhiteFideId "1127128"]
[BlackFideId "502081"]
[WhiteElo "2067"]
[BlackElo "2343"]
[Result "0-1"]
[Round "07"]
[TimeControl "180+1"]
[Date "2022.03.22"]
[WhiteClock "0:00:02"]
[BlackClock "0:00:27"]

1. e4 c5 2. Nf3 d6 3. d4 cxd4 4. Qxd4 Nf6 5. Bg5 Nc6 6. Bb5 e5 7. Qd3 Be6 8. O-O a6 9. Ba4 h6 10. Bh4 g5 11. Bg3 Be7 12. Rd1 Rc8 13. Bb3 Nb4 14. Qd2 Bxb3 15. Qxb4 Bxc2 16. Nc3 Bxd1 17. Rxd1 Qc7 18. Qa4+ Qc6 19. Qb3 Nxe4 20. Nxe4 Qxe4 21. h3 O-O 22. Re1 Qc6 23. Qd3 Bf6 24. Nh2 Bg7 25. Qf5 Qc4 26. Ng4 Qe6 27. Qf3 f5 28. Ne3 e4 29. Qd1 f4 30. Nd5 fxg3 31. fxg3 Rc5 32. Nc3 d5 33. Ne2 d4 34. Nxd4 Qd5 35. Ne2 Qxd1 36. Rxd1 Rc2 37. Nd4 Rd8 0-1


[Site "https://www.chess.com"]

[Event "Titled Tuesday Blitz March 22 Late 2022"]
[White "Smirnov, Pavel"]
[Black "Riehle, Marco"]
[WhiteFideId "4123425"]
[BlackFideId "12904392"]
[WhiteElo "2545"]
[BlackElo "2462"]
[Result "1-0"]
[Round "07"]
[TimeControl "180+1"]
[Date "2022.03.22"]
[WhiteClock "0:02:20"]
[BlackClock "0:02:31"]

1. d4 d5 2. c4 e6 3. Nf3 Nf6 4. Nc3 dxc4 5. e3 a6 6. Bxc4 b5 7. Bb3 Bb7 8. O-O c5 9. e4 cxd4 10. Nxd4 Bc5 11. Be3 Nbd7 12. e5 Nd5 13. Nxd5 Bxd5 14. Bxd5 exd5 15. Nc6 Qb6 16. Qxd5 Bxe3 17. fxe3 Qxe3+ 18. Kh1 Rf8 19. Rad1 Nb6 20. Qd8+ Rxd8 21. Rxd8# 1-0


[Site "https://www.chess.com"]

[Event "Titled Tuesday Blitz March 22 Late 2022"]
[White "Sochacki, Christophe"]
[Black "Lazavik, Denis"]
[WhiteFideId "662569"]
[BlackFideId "13515110"]
[WhiteElo "2480"]
[BlackElo "2437"]
[Result "0-1"]
[Round "07"]
[TimeControl "180+1"]
[Date "2022.03.22"]
[WhiteClock "0:00:05"]
[BlackClock "0:00:10"]

1. Nf3 d5 2. b3 c6 3. Bb2 Nf6 4. g3 Bf5 5. Bg2 e6 6. O-O h6 7. d3 Be7 8. Nbd2 O-O 9. Ne5 Nbd7 10. e4 Bh7 11. f4 a5 12. a4 dxe4 13. Nxe4 Nxe5 14. Nxf6+ Bxf6 15. fxe5 Be7 16. Kh1 f5 17. d4 Bg5 18. Qe2 f4 19. Qc4 Qd7 20. Bc1 fxg3 21. Bxg5 hxg5 22. hxg3 Bf5 23. Rf2 g6 24. Raf1 Kg7 25. Kg1 g4 26. c3 Rac8 27. Qc5 Qc7 28. Rf4 b6 29. Qc4 Qd7 30. Be4 Rh8 31. Qd3 Rh5 32. Bxf5 gxf5 33. Kf2 Qd5 34. c4 Rh2+ 35. Ke1 Qd7 36. Qe3 Qe7 37. Kd1 b5 38. R4f2 Rxf2 39. Rxf2 bxc4 40. bxc4 Rb8 41. c5 Rh8 42. Kc2 Rh1 43. Kc3 Kg6 44. Rb2 Ra1 45. Kc2 Qh7 46. Rb6 Qh2+ 47. Kb3 Qa2+ 48. Kc3 Qa3+ 49. Rb3 Qxa4 50. Qd2 Ra2 51. Qd3 Ra3 52. Qc2 Rxb3+ 53. Qxb3 Qxb3+ 54. Kxb3 f4 55. gxf4 g3 56. f5+ Kxf5 57. Ka4 g2 58. Kxa5 g1=Q 59. Kb6 Qxd4 60. Kxc6 Kxe5 61. Kb6 Kd5 0-1


[Site "https://www.chess.com"]